General information
- name: BNet
- type: Ladder team game (AT/RT)
- host: Battle.net
- saver: DwarfRaiders
map: Battleground
- players: 8
- length: 27:51
- speed: Fast
- version: 1.27 W3XP
- replay type: Public
» download(210 KB)
Players
team 1 (loser)
Hunter. (
yellow | 65 APM | 1692 actions | 25:56)
7 Keeper of the Grove
3 Entangling Roots
3 Thorns Aura
1 Tranquility
4 Priestess of the Moon
3 Trueshot Aura
1 Searing Arrows
» actions
| Assign group hotkey | 37 | |
| Basic commands | 138 | |
| Build / train | 96 | |
| ESC pressed | 1 | |
| Enter build submenu | 21 | |
| Enter hero's abilities submenu | 11 | |
| Give item / drop item | 2 | |
| Right click | 443 | |
| Select / deselect | 333 | |
| Select group hotkey | 514 | |
| Use ability | 96 | |
1692 total
» units
| Wisp | 21 | |
| Archer | 18 | |
| Dryad | 8 | |
| Druid of the Talon | 7 | |
| Mountain Giant | 4 | |
| Chimaera | 1 | |
59 total
» upgrades
| Ultravision | 1 | |
| Strength of the Moon | 3 | |
| Moon Armor | 2 | |
| Improved Bows | 1 | |
| Abolish Magic | 1 | |
| Druid of the Talon Training | 1 | |
| Strength of the Wild | 1 | |
| Reinforced Hides | 1 | |
| Backpack | 2 | |
| Hardened Skin | 1 | |
| Resistant Skin | 1 | |
| Marksmanship | 1 | |
16 total
» buildings
| Altar of Elders | 1 | |
| Moon Well | 11 | |
| Ancient of War | 2 | |
| Hunter's Hall | 1 | |
| Ancient of Wonders | 1 | |
| Tree of Ages | 1 | |
| Ancient of Lore | 1 | |
| Ancient of Wind | 1 | |
| Tree of Life | 3 | |
| Tree of Eternity | 1 | |
| Chimaera Roost | 1 | |
24 total
» build order
00:42 Altar of Elders
00:45 Moon Well
01:06 Ancient of War
01:37 Moon Well
01:38 Moon Well
01:39 Moon Well
01:40 Moon Well
02:18 Hunter's Hall
02:19 Ancient of Wonders
03:28 Moon Well
03:29 Moon Well
04:17 Tree of Ages
07:05 Ancient of Lore
07:08 Ancient of Wind
10:41 Tree of Life
13:56 Tree of Eternity
17:09 Moon Well
18:08 Tree of Life
21:38 Moon Well
21:41 Moon Well
21:42 Moon Well
22:33 Tree of Life
22:36 Chimaera Roost
24:02 Ancient of War
» items

»
mikeytodo (
red | 53 APM | 1377 actions | 26:02)
3 Priestess of the Moon
2 Trueshot Aura
1 Searing Arrows
» actions
| Assign group hotkey | 15 | |
| Basic commands | 119 | |
| Build / train | 85 | |
| ESC pressed | 40 | |
| Enter build submenu | 43 | |
| Enter hero's abilities submenu | 3 | |
| Right click | 364 | |
| Select / deselect | 307 | |
| Select group hotkey | 333 | |
| Use ability | 68 | |
1377 total
» units
| Wisp | 46 | |
| Archer | 11 | |
| Huntress | 3 | |
| Hippogryph | 7 | |
| Druid of the Talon | 1 | |
| Glaive Thrower | 2 | |
70 total
» upgrades
| Strength of the Moon | 1 | |
| Reinforced Hides | 1 | |
| Improved Bows | 1 | |
| Marksmanship | 1 | |
| Hippogryph Taming | 1 | |
| Upgrade Moon Glaive | 1 | |
| Vorpal Blades | 1 | |
| Druid of the Talon Training | 1 | |
8 total
» buildings
| Altar of Elders | 2 | |
| Moon Well | 12 | |
| Ancient of War | 2 | |
| Hunter's Hall | 2 | |
| Tree of Ages | 2 | |
| Ancient Protector | 2 | |
| Tree of Eternity | 1 | |
| Ancient of Wind | 2 | |
| Tree of Life | 6 | |
| Ancient of Wonders | 2 | |
33 total
» build order
00:14 Altar of Elders
00:36 Moon Well
00:37 Moon Well
01:31 Ancient of War
02:22 Moon Well
02:31 Hunter's Hall
03:15 Moon Well
03:46 Ancient of War
04:03 Tree of Ages
05:45 Ancient Protector
06:26 Ancient Protector
07:04 Tree of Eternity
07:55 Ancient of Wind
08:04 Ancient of Wind
10:54 Tree of Life
11:14 Moon Well
12:31 Moon Well
13:31 Moon Well
14:28 Ancient of Wonders
15:20 Moon Well
15:34 Tree of Life
17:33 Tree of Life
19:29 Tree of Life
20:50 Tree of Life
21:35 Hunter's Hall
22:06 Tree of Life
23:12 Ancient of Wonders
23:19 Moon Well
23:21 Moon Well
23:24 Moon Well
23:25 Moon Well
24:02 Altar of Elders
24:43 Tree of Ages
SiqueresPijamaP (
teal | 113 APM | 3114 actions | 27:35)
8 Blademaster
3 Wind Walk
3 Critical Strike
1 Mirror Image
1 Bladestorm
» actions
| Assign group hotkey | 132 | |
| Build / train | 146 | |
| ESC pressed | 1 | |
| Enter build submenu | 15 | |
| Enter hero's abilities submenu | 8 | |
| Give item / drop item | 4 | |
| Right click | 1925 | |
| Select / deselect | 280 | |
| Select group hotkey | 526 | |
| Use ability | 77 | |
3114 total
» units
| Peon | 10 | |
| Troll Headhunter/Berserker | 48 | |
| Wind Rider | 18 | |
| Troll Batrider | 11 | |
| Raider | 13 | |
100 total
» upgrades
| Ranged Weapons | 3 | |
| Armor | 3 | |
| Troll Regeneration | 1 | |
| Envenomed Spears | 1 | |
| Berserker Upgrade | 1 | |
| Liquid Fire | 1 | |
10 total
» buildings
| Altar of Storms | 2 | |
| Orc Burrow | 8 | |
| Barracks | 1 | |
| War Mill | 1 | |
| Voodoo Lounge | 1 | |
| Stronghold | 4 | |
| Beastiary | 2 | |
| Fortress | 2 | |
21 total
» build order
00:08 Altar of Storms
00:12 Orc Burrow
00:46 Barracks
01:43 Orc Burrow
01:48 Orc Burrow
01:56 War Mill
02:28 Voodoo Lounge
04:35 Stronghold
04:36 Stronghold
04:36 Stronghold
06:06 Orc Burrow
06:44 Orc Burrow
07:07 Beastiary
08:00 Beastiary
10:03 Fortress
10:03 Fortress
11:18 Orc Burrow
12:50 Orc Burrow
13:39 Orc Burrow
24:08 Altar of Storms
» items
| Lesser Clarity Potion | 1 | |
| Healing Salve | 2 | |
| Scroll of Healing | 1 | |
| Scroll of Protection | 1 | |
| Scroll of Town Portal | 1 | |
| Orb of Lightning | 1 | |
| Potion of Healing | 1 | |
| Periapt of Vitality | 1 | |
9 total

»
RealGz (
pink | 30 APM | 845 actions | 27:49)
3 Mountain King
1 Storm Bolt
1 Bash
1 Thunder Clap
» actions
| Basic commands | 23 | |
| Build / train | 75 | |
| Enter build submenu | 26 | |
| Enter hero's abilities submenu | 3 | |
| Right click | 348 | |
| Select / deselect | 305 | |
| Use ability | 64 | |
845 total
» units
| Peasant | 10 | |
| Footman | 15 | |
| Flying Machine | 13 | |
| Mortar Team | 11 | |
49 total
» upgrades
| Defend | 1 | |
| Masonry | 2 | |
| Flare | 1 | |
| Lumber Harvesting | 2 | |
| Gunpowder | 2 | |
| Armor | 2 | |
10 total
» buildings
| Altar of Kings | 2 | |
| Farm | 12 | |
| Lumber Mill | 1 | |
| Barracks | 1 | |
| Scout Tower | 9 | |
| Arcane Tower | 1 | |
| Arcane Vault | 2 | |
| Keep | 2 | |
| Guard Tower | 4 | |
| Blacksmith | 1 | |
| Workshop | 2 | |
| Cannon Tower | 2 | |
| Town Hall | 1 | |
40 total
» build order
00:28 Altar of Kings
00:38 Farm
00:55 Lumber Mill
01:08 Farm
01:21 Barracks
02:03 Scout Tower
02:30 Farm
02:34 Farm
02:41 Arcane Tower
02:45 Arcane Vault
03:35 Scout Tower
03:37 Scout Tower
03:57 Keep
03:58 Keep
04:11 Guard Tower
04:17 Guard Tower
04:20 Scout Tower
04:24 Scout Tower
05:11 Scout Tower
05:44 Guard Tower
05:47 Farm
05:51 Farm
08:56 Blacksmith
09:52 Workshop
10:43 Cannon Tower
10:50 Workshop
10:58 Farm
10:59 Farm
11:00 Farm
11:00 Farm
11:02 Farm
14:03 Altar of Kings
14:12 Farm
19:51 Scout Tower
19:53 Scout Tower
20:58 Guard Tower
22:59 Town Hall
23:11 Scout Tower
23:16 Arcane Vault
23:47 Cannon Tower
» items
| Circlet of Nobility | 1 | |
| Periapt of Vitality | 1 | |
| Boots of Speed | 1 | |
3 total
team 2 (winner)
true_kingdom (
orange | 62 APM | 1730 actions | 27:50)
8 Mountain King
3 Storm Bolt
3 Bash
1 Avatar
1 Thunder Clap
6 Paladin
2 Holy Light
3 Divine Shield
1 Resurrection
2 Archmage
1 Brilliance Aura
1 Summon Water Elemental
» actions
| Assign group hotkey | 25 | |
| Build / train | 88 | |
| Enter build submenu | 37 | |
| Enter hero's abilities submenu | 16 | |
| Give item / drop item | 3 | |
| Right click | 725 | |
| Select / deselect | 456 | |
| Select group hotkey | 260 | |
| Use ability | 120 | |
1730 total
» units
| Peasant | 12 | |
| Rifleman | 12 | |
| Siege Engine | 6 | |
| Spell Breaker | 4 | |
34 total
» upgrades
| Masonry | 1 | |
| Gunpowder | 2 | |
| Armor | 1 | |
| Barrage | 1 | |
| Long Rifles | 1 | |
| Plating | 2 | |
| Magic Sentry | 1 | |
| Priest Training | 1 | |
| Fragmentation Shards | 1 | |
11 total
» buildings
| Farm | 13 | |
| Lumber Mill | 1 | |
| Altar of Kings | 1 | |
| Blacksmith | 1 | |
| Scout Tower | 13 | |
| Arcane Tower | 1 | |
| Barracks | 1 | |
| Guard Tower | 7 | |
| Arcane Vault | 1 | |
| Keep | 1 | |
| Workshop | 2 | |
| Castle | 1 | |
| Arcane Sanctum | 1 | |
44 total
» build order
00:06 Farm
00:42 Lumber Mill
00:48 Farm
02:01 Farm
02:08 Altar of Kings
02:13 Blacksmith
02:20 Scout Tower
02:22 Scout Tower
02:38 Farm
02:44 Farm
03:01 Arcane Tower
03:12 Barracks
03:28 Farm
04:33 Scout Tower
05:41 Guard Tower
05:47 Farm
05:50 Arcane Vault
06:07 Scout Tower
06:38 Scout Tower
07:20 Keep
07:22 Guard Tower
08:00 Guard Tower
09:49 Workshop
10:57 Castle
10:59 Scout Tower
12:01 Guard Tower
13:04 Farm
13:05 Farm
13:09 Scout Tower
13:12 Scout Tower
13:14 Scout Tower
13:22 Farm
14:01 Guard Tower
14:04 Scout Tower
14:07 Farm
14:09 Farm
14:13 Scout Tower
14:30 Farm
16:00 Guard Tower
16:04 Scout Tower
16:10 Scout Tower
16:34 Arcane Sanctum
17:39 Workshop
19:53 Guard Tower
» items
| Lesser Clarity Potion | 6 | |
| Scroll of Regeneration | 4 | |
| Potion of Lesser Invulnerability | 1 | |
| Scroll of Healing | 1 | |
| Scroll of Town Portal | 2 | |
14 total
DwarfRaiders (
green | 65 APM | 1806 actions | 27:51)
» actions
| Assign group hotkey | 22 | |
| Basic commands | 39 | |
| Build / train | 78 | |
| Enter build submenu | 79 | |
| Right click | 697 | |
| Select / deselect | 294 | |
| Select group hotkey | 492 | |
| Use ability | 105 | |
1806 total
» units
| Peasant | 17 | |
| Flying Machine | 14 | |
31 total
» upgrades
| Masonry | 3 | |
| Lumber Harvesting | 2 | |
| Gunpowder | 3 | |
| Plating | 3 | |
| Flak Cannons | 1 | |
| Flying Machine Bombs | 1 | |
13 total
» buildings
| Scout Tower | 62 | |
| Lumber Mill | 2 | |
| Arcane Tower | 1 | |
| Farm | 14 | |
| Guard Tower | 31 | |
| Keep | 1 | |
| Blacksmith | 2 | |
| Workshop | 3 | |
| Altar of Kings | 1 | |
| Castle | 1 | |
| Town Hall | 1 | |
119 total
» build order
00:14 Scout Tower
00:25 Lumber Mill
00:39 Arcane Tower
00:49 Scout Tower
00:54 Scout Tower
00:57 Scout Tower
01:00 Scout Tower
01:08 Farm
01:35 Farm
01:49 Guard Tower
02:04 Guard Tower
02:09 Scout Tower
02:19 Farm
02:21 Scout Tower
02:37 Guard Tower
03:01 Guard Tower
04:22 Farm
04:24 Scout Tower
04:25 Farm
04:26 Scout Tower
04:28 Guard Tower
04:44 Farm
04:46 Scout Tower
04:49 Scout Tower
04:51 Farm
04:53 Scout Tower
05:06 Keep
05:14 Guard Tower
05:21 Guard Tower
05:28 Guard Tower
05:47 Guard Tower
05:59 Guard Tower
06:07 Lumber Mill
06:13 Scout Tower
06:13 Scout Tower
06:14 Scout Tower
06:15 Scout Tower
06:18 Scout Tower
06:19 Scout Tower
06:22 Scout Tower
06:23 Scout Tower
06:44 Blacksmith
06:47 Blacksmith
07:34 Guard Tower
07:55 Workshop
07:56 Workshop
07:57 Workshop
08:07 Guard Tower
08:20 Guard Tower
08:45 Guard Tower
09:36 Altar of Kings
10:49 Castle
19:54 Farm
19:54 Farm
19:54 Farm
19:55 Farm
19:57 Farm
20:03 Scout Tower
20:04 Scout Tower
20:04 Scout Tower
20:04 Scout Tower
20:05 Scout Tower
20:06 Scout Tower
20:06 Scout Tower
20:09 Scout Tower
20:09 Scout Tower
20:47 Guard Tower
21:13 Guard Tower
21:13 Guard Tower
21:14 Guard Tower
21:14 Guard Tower
21:16 Guard Tower
21:16 Guard Tower
21:32 Farm
21:32 Farm
21:34 Scout Tower
21:34 Scout Tower
22:30 Scout Tower
22:30 Scout Tower
22:33 Scout Tower
22:33 Scout Tower
22:34 Scout Tower
22:34 Scout Tower
23:02 Guard Tower
23:16 Guard Tower
24:23 Town Hall
24:26 Scout Tower
24:27 Scout Tower
24:30 Scout Tower
24:31 Scout Tower
24:31 Scout Tower
24:31 Scout Tower
24:34 Scout Tower
24:34 Scout Tower
24:34 Scout Tower
24:35 Scout Tower
24:36 Scout Tower
24:37 Scout Tower
24:37 Scout Tower
24:37 Scout Tower
24:50 Scout Tower
24:50 Scout Tower
24:51 Scout Tower
24:52 Scout Tower
24:56 Scout Tower
24:56 Scout Tower
24:57 Scout Tower
24:57 Scout Tower
25:08 Guard Tower
25:43 Guard Tower
25:44 Scout Tower
25:45 Scout Tower
25:46 Scout Tower
26:13 Guard Tower
26:39 Guard Tower
27:03 Guard Tower
27:42 Guard Tower
Newbs. (
purple | 38 APM | 1072 actions | 27:50)
8 Blood Mage
3 Flame Strike
3 Siphon Mana
1 Summon Phoenix
1 Banish
» actions
| Basic commands | 77 | |
| Build / train | 96 | |
| Enter build submenu | 19 | |
| Enter hero's abilities submenu | 8 | |
| Give item / drop item | 1 | |
| Remove unit from queue | 1 | |
| Right click | 346 | |
| Select / deselect | 402 | |
| Use ability | 122 | |
1072 total
» units
» upgrades
| Gunpowder | 3 | |
| Armor | 2 | |
| Flare | 1 | |
| Fragmentation Shards | 1 | |
7 total
» buildings
| Lumber Mill | 1 | |
| Altar of Kings | 1 | |
| Farm | 8 | |
| Scout Tower | 1 | |
| Arcane Tower | 1 | |
| Blacksmith | 1 | |
| Keep | 3 | |
| Workshop | 3 | |
| Castle | 1 | |
| Arcane Vault | 1 | |
| Arcane Sanctum | 2 | |
23 total
» build order
00:28 Lumber Mill
01:10 Altar of Kings
01:14 Farm
01:26 Scout Tower
01:58 Arcane Tower
02:03 Farm
02:42 Blacksmith
02:52 Keep
02:52 Keep
03:14 Farm
03:56 Farm
03:59 Farm
04:43 Farm
05:26 Workshop
05:28 Castle
05:36 Workshop
05:38 Workshop
06:33 Farm
10:24 Arcane Vault
10:48 Arcane Sanctum
10:51 Farm
18:56 Arcane Sanctum
» items
| Circlet of Nobility | 1 | |
| Boots of Speed | 1 | |
| Scroll of Regeneration | 2 | |
| Scroll of Town Portal | 2 | |
6 total
EWinter69 (
blue | 63 APM | 1745 actions | 27:50)
8 Paladin
1 Holy Light
3 Devotion Aura
3 Divine Shield
1 Resurrection
» actions
| Assign group hotkey | 68 | |
| Basic commands | 40 | |
| Build / train | 109 | |
| Enter build submenu | 48 | |
| Enter hero's abilities submenu | 8 | |
| Right click | 286 | |
| Select / deselect | 406 | |
| Select group hotkey | 653 | |
| Use ability | 127 | |
1745 total
» units
| Peasant | 13 | |
| Footman | 12 | |
| Knight | 12 | |
37 total
» upgrades
| Defend | 1 | |
| Masonry | 3 | |
| Lumber Harvesting | 2 | |
| Swords | 3 | |
| Animal War Training | 1 | |
| Plating | 2 | |
12 total
» buildings
| Altar of Kings | 1 | |
| Farm | 13 | |
| Barracks | 3 | |
| Scout Tower | 25 | |
| Keep | 1 | |
| Lumber Mill | 4 | |
| Arcane Tower | 9 | |
| Arcane Vault | 2 | |
| Guard Tower | 19 | |
| Blacksmith | 1 | |
| Castle | 2 | |
| Town Hall | 1 | |
81 total
» build order
00:18 Altar of Kings
00:25 Farm
01:13 Barracks
01:53 Farm
02:51 Farm
03:30 Farm
04:09 Farm
04:29 Barracks
05:22 Farm
05:23 Farm
05:30 Farm
05:42 Farm
05:59 Scout Tower
06:00 Keep
06:12 Barracks
06:22 Lumber Mill
07:11 Farm
07:13 Farm
07:18 Arcane Tower
07:31 Arcane Vault
07:51 Scout Tower
07:54 Scout Tower
08:53 Guard Tower
09:17 Blacksmith
10:05 Castle
10:06 Castle
13:54 Town Hall
13:57 Scout Tower
13:58 Scout Tower
13:59 Scout Tower
14:04 Scout Tower
14:05 Scout Tower
14:07 Scout Tower
14:08 Scout Tower
14:56 Guard Tower
14:56 Guard Tower
15:53 Scout Tower
15:54 Scout Tower
15:54 Scout Tower
15:55 Scout Tower
16:54 Farm
16:57 Farm
17:00 Scout Tower
17:01 Scout Tower
17:22 Guard Tower
17:23 Guard Tower
18:04 Guard Tower
18:04 Guard Tower
18:04 Guard Tower
18:11 Scout Tower
19:33 Arcane Tower
19:46 Arcane Tower
19:46 Arcane Tower
19:57 Lumber Mill
20:02 Lumber Mill
20:20 Lumber Mill
22:02 Arcane Vault
23:17 Scout Tower
23:54 Guard Tower
23:56 Scout Tower
23:59 Scout Tower
24:02 Scout Tower
24:27 Guard Tower
24:30 Scout Tower
24:31 Scout Tower
24:32 Scout Tower
24:33 Scout Tower
24:41 Arcane Tower
24:42 Arcane Tower
26:37 Guard Tower
26:40 Guard Tower
» items
| Scroll of Town Portal | 1 | |
| Potion of Mana | 4 | |
| Potion of Healing | 1 | |
| Scroll of Healing | 1 | |
| Scroll of Protection | 2 | |
9 total
Chat log
(07:00 / Allies) Newbs.: newb
(07:02 / Allies) Newbs.: green sucks
(07:06 / Allies) true_kingdom: lols
(07:26 / Allies) Newbs.: towers can't go on offense newb
(07:30 / Allies) Newbs.: they can siege you
(07:44 / Allies) DwarfRaiders: thx for the info, didn't know that
(07:47 / Allies) Newbs.: a unit costs more than a tower
(08:06 / Allies) EWinter69: thnx grb
(08:10 / Allies) EWinter69: grn
(10:06 / Allies) true_kingdom: are we playing?
(10:10 / Allies) EWinter69: yea
(10:18 / Allies) EWinter69: im taunting
(11:35 / Allies) EWinter69: give me
(11:37 / Allies) EWinter69: orng
(11:47 / Allies) EWinter69: long horn
(11:59 / Allies) EWinter69: getting knightw
(12:00 / Allies) EWinter69: sa
(14:19 / Allies) Newbs.: come back newb orange
(14:25 / Allies) Newbs.: what ar etad
(14:29 / Allies) Newbs.: retard
(15:44 / All) EWinter69: LOL
(19:03 / Allies) DwarfRaiders: tp and it's over
(22:04 / Allies) EWinter69: store
(23:34 / All) EWinter69: DIE
(23:39 / All) Newbs.: Pawned
(23:41 / All) Newbs.: Gg
(23:45 / All) Newbs.: yall got Rolled
(25:17 / Allies) DwarfRaiders: help plez
(25:25 / Allies) EWinter69: Cumin
(25:27 / Allies) true_kingdom: omw
(25:54 / All) Hunter.: clan emf after game
(25:57 / All) EWinter69: fuk em up
(26:06 / All) EWinter69: GG
(26:21 / All) SiqueresPijamaP: yes gg my team do nothing
(26:25 / All) SiqueresPijamaP: gg fucker
(26:28 / All) SiqueresPijamaP: .l.
(26:28 / All) DwarfRaiders: blame your team
(26:32 / All) DwarfRaiders: sign of a weak pussy
(26:33 / All) SiqueresPijamaP: shut the fuck up
(26:35 / All) SiqueresPijamaP: asshole
(26:43 / All) DwarfRaiders: YOU CANT HANDLE THE GYRO
(26:47 / All) DwarfRaiders: FOR KHAZ MODAN
(26:52 / All) Newbs.: hahaha
(27:05 / Allies) Newbs.: what it look like
(27:09 / All) Newbs.: what it look like
(27:18 / All) Newbs.: what it look like